 Dungeon Crawl Stone Soup version 0.25-a0-589-g1e14c549ee (webtiles) character file.

Game seed: 11824440468441351970, levelgen mode: deterministic

21 Lentor the Skirmisher (level 2, -3/24 HPs)
             Began as a Demonspawn Fighter on Mar 9, 2020.
             Killed by divine providence
             ... invoked by an orc priest
              (9 damage)
             ... on level 3 of the Dungeon.
             The game lasted 00:01:36 (577 turns).

Lentor the Skirmisher (Demonspawn Fighter)           Turns: 577, Time: 00:01:36

Health: -3/24      AC:  6    Str: 16    XL:     2   Next: 62%
Magic:  2/2        EV:  6    Int:  9    God:
Gold:   36         SH:  8    Dex: 12    Spells: 1/1 levels left

rFire    . . .     SeeInvis .   a - +0 war axe
rCold    . . .     Gourm    .   c - +0 kite shield
rNeg     . . .     Faith    .   b - +0 scale mail
rPois    .         Spirit   .   (no helmet)
rElec    .         Reflect  .   (no cloak)
rCorr    .         Harm     .   (no gloves)
MR       .....                  (no boots)
Stlth    ..........             (no amulet)
HPRegen  0.08/turn              (no ring)
MPRegen  0.08/turn              (no ring)

@: no status effects
A: claws 1
a: no special abilities


You were on level 3 of the Dungeon.
You were not hungry.

You visited 1 branch of the dungeon, and saw 3 of its levels.

You collected 36 gold pieces.

Inventory:

Hand Weapons
 a - a +0 war axe (weapon)
Armour
 b - a +0 scale mail (worn)
 c - a +0 kite shield (worn)
Scrolls
 e - a scroll of noise {unknown}
 g - a scroll of fog {unknown}
 h - 2 scrolls of blinking {unknown}
 i - a scroll of remove curse {unknown}
 k - a scroll of amnesia {unknown}
 l - a scroll of identify {unknown}
Potions
 d - a potion of might
 j - a potion of lignification {unknown}
Comestibles
 f - 3 rations


   Skills:
 + Level 3.3 Fighting
 * Level 2.3 Axes
 - Level 2.8 Armour
 - Level 2.8 Shields


You had one spell level left.
You didn't know any spells.
Your spell library was empty.

Dungeon Overview and Level Annotations

Branches:
Dungeon (3/15)

Altars:
Ru


Innate Abilities, Weirdness & Mutations

You have sharp fingernails.


Message History

You are too injured to fight recklessly!
Your shield and scale mail prevent you from hitting the giant cockroach.
The orc priest mumbles some strange prayers to Beogh against you.
You barely resist. You block the giant cockroach's attack.
An orc comes into view. It is wielding a +0 dagger.
The giant cockroach bites you.
You slash the giant cockroach!
You kill the giant cockroach!
An adder zombie comes into view.
An orc comes into view.
The adder zombie moves out of view.
An orc comes into view. It is wielding a +0 dagger.
An adder comes into view.
The adder hisses angrily.
The orc priest hits you with a +0 mace.
* * * LOW HITPOINT WARNING * * *
A giant cockroach comes into view.
A rat comes into view.
The orc priest completely misses you. You block the orc's attack. x2
The orc priest mumbles some strange prayers to Beogh against you.
Beogh smites you!
You die...

....#+### .........
........# ......... ....
...s$...# ...###........
....S...# ..............
#.....# ...###........
#....@##..............
#.#[.Zo....#............
....o.o.o.##.#.#...[....
#r...###..............#.
.#..#...#.##.#......<...
#..#.⌠.#.##.######..###
#≈ #...#.#.............
≈ ≈≈###≈..#############
≈≈≈ ≈≈...


You could see an orc priest, an adder, 3 orcs, an adder zombie, a giant
cockroach and a rat.

Vanquished Creatures
  A worm (D:2)
  3 giant cockroaches
  A goblin (D:1)
  3 hobgoblins
  2 kobolds (D:1)
  A quokka (D:2)
  A bat (D:1)
  2 frilled lizards (D:2)
  2 rats
16 creatures vanquished.

Notes
Turn   | Place    | Note
-------+----------+-------------------------------------------
     0 | D:1      | Lentor the Demonspawn Fighter began the quest for the Orb.
     0 | D:1      | Reached XP level 1. HP: 18/18 MP: 1/1
   292 | D:1      | Gained mutation: You have sharp fingernails. [demonic
                  | ancestry]
   292 | D:1      | Reached XP level 2. HP: 24/24 MP: 2/2
   461 | D:2      | Found a sacrificial altar of Ru.
   577 | D:3      | Killed from afar by an orc priest

Levels and vault maps discovered:
D:1:      dpeg_arrival_rhombi, layout_loops_ring
D:2:      layout_rooms, nicolae_ru_sacrificial_ziggurat, tso_altar
D:3:      layout_basic, gammafunk_temple_overflow_claw, fountainhead

Skill      XL: |  1  2 |
---------------+-------+-----
Axes           | 2 |  2.3
Fighting       | |  3.3
Armour         | |  2.8
Shields        | |  2.8

Action                   || total
-------------------------++-------
Melee: War axe           ||    43
Armor: Scale mail        ||    17
Dodge: Dodged            ||     7
Block: Kite shield       ||    31

Table legend:
 A = Non-vault XP
 B = Vault XP
 C = Vault XP percentage of total XP
 D = Non-vault monster count
 E = Vault monster count
 F = Vault count percentage of total count
                 A         B        C        D         E       F
            +---------+---------+-------+---------+---------+-------
      Total |      30 |       0 |   0.0 |      16 |       0 |   0.0
            +---------+---------+-------+---------+---------+-------
        D:1 |      12 |       0 |   0.0 |       7 |       0 |   0.0
        D:2 |      16 |       0 |   0.0 |       8 |       0 |   0.0
        D:3 |       2 |       0 |   0.0 |       1 |       0 |   0.0
            +---------+---------+-------+---------+---------+-------
